 Dungeon Crawl Stone Soup version 0.31.0-12-g77e489cdc1 (webtiles) character file.

Game seed: 15025161054114121814

237 BigDaddyOpFi the Shield-Bearer (level 6, 0/43 HPs)
             Began as an Octopode Fighter on Feb 29, 2024.
             Killed from afar by an orc wizard (5 damage)
             ... with a magic dart
             ... on level 4 of the Dungeon.
             The game lasted 00:03:57 (3165 turns).

BigDaddyOpFi the Shield-Bearer (Octopode Fighter)   Turns: 3165, Time: 00:03:58

Health: 0/43       AC:  1    Str: 16    XL:     6   Next: 6%
Magic:  6/6        EV: 14    Int: 10    God:
Gold:   203        SH:  6    Dex: 13    Spells: 5/5 levels left

rFire   + . .        n - +3 hand axe
rCold   x . .        a - +1 buckler
rNeg    + . .        (helmet restricted)
rPois   .            (no amulet)
rElec   .            d - ring of fire
rCorr   .            b - ring of positive energy
SInv    .            (no ring)
Will    .....        (no ring)
Stlth   ++           (no ring)
HPRegen 0.27/turn    (no ring)
MPRegen 0.10/turn    (no ring)
                     (no ring)

%: no passive effects
@: no status effects
A: almost no armour, amphibious, 8 rings, camouflage 1, gelatinous body 1,
(nimble swimmer 1), tentacles
a: no special abilities


You were on level 4 of the Dungeon.
You visited 1 branch of the dungeon, and saw 4 of its levels.

You collected 203 gold pieces.

Inventory:

Hand Weapons
 f - a +3 sling
 n - a +3 hand axe (weapon)
Armour
 a - a +1 buckler (worn)
Jewellery
 b - a ring of positive energy (right tentacle)
 d - a ring of fire (left tentacle)
Wands
 s - a wand of iceblast (10) (quivered)
Scrolls
 e - a scroll of fog
 h - 4 scrolls of fear
 k - a scroll of teleportation
Potions
 c - a potion of degeneration
 g - 2 potions of might
 i - a potion of heal wounds {unknown}
 j - a potion of curing
 l - a potion of brilliance {unknown}
 m - a potion of haste {unknown}
 o - a potion of invisibility {unknown}
 p - a potion of ambrosia {unknown}
 r - a potion of attraction {unknown}
 t - a potion of berserk rage {unknown}


   Skills:
 + Level 3.9 Fighting
 + Level 1.3 Ranged Weapons
 + Level 3.9 Dodging
 + Level 3.9 Shields
 * Level 3.8 Unarmed Combat


You had 5 spell levels left.
You didn't know any spells.
Your spell library contained the following spells:

 Spells                   Type           Power      Damage    Failure   Level
 Apportation              Tloc           0%         N/A       43%         1
 Necrotise                Necr           0%         1d4       43%         1
 Sting                    Conj/Alch      0%         1d3       43%         1
 Summon Small Mammal      Summ           0%         N/A       43%         1


Dungeon Overview and Level Annotations

Branches:
Dungeon (4/15)
 Temple: D:4-7

Altars:
Uskayaw

Shops:
D:1 *   D:4 *


Innate Abilities, Weirdness & Mutations

You cannot wear most types of armour.
You are amphibious.
You can wear up to eight rings at the same time.
Your skin changes colour to match your surroundings (Stealth+).
Your rubbery body absorbs attacks. (AC +1, EV +1)
((You are camouflaged when in or above water. (Stealth+)))
You have tentacles for arms and can constrict up to eight enemies at once.


Message History

The orc wizard is severely wounded.
You shoot a sling bullet. The sling bullet hits the orc wizard.
You kill the orc wizard!
The orc wizard casts a spell.
The orc wizard flickers and vanishes!
Deactivating autopickup; reactivate with Ctrl-A.
You have reached level 6!
You shoot a sling bullet. You shoot a sling bullet.
The sling bullet hits the orc.
The orc is moderately wounded.
n - a +3 hand axe (weapon)
You hit the orc.
You kill the orc!
Something hits you.
You slash something! Your squeeze misses something. Something hits you.
You miss something. You closely miss the orc. You block the orc's attack.
You block something's attack.
You closely miss something. Your squeeze misses something.
You closely miss the orc. The orc misses you. Something hits you.
You block the orc's attack. You block something's attack.
You completely miss something. You hit the orc.
The orc hits you with a +0 flail! Something hits you.
You miss something. You hit the orc. You block the orc's attack.
Something hits you.
* * * LOW HITPOINT WARNING * * *
You feel better. You block the orc's attack.
You hear some strange, mumbled words.
A puff of flame appears from out of thin air!
The puff of flame hits you. You resist.
You hit something but do no damage. Your squeeze misses something.
You hit the orc but do no damage. The orc hits you with a +0 flail.
* * * LOW HITPOINT WARNING * * *
Something hits you.
* * * LOW HITPOINT WARNING * * *
The orc hits you with a +0 flail.
* * * LOW HITPOINT WARNING * * *
You hear some strange, mumbled words.
A magic dart appears from out of thin air!
The magic dart hits you.
You die...

#.#.##...#..####..###
#########
..#.##.#.#..####.##
.......#.#..##...#
....####.#..##.###
.#..........#..######
.#........÷........... .
.............########...
.#..........## ##oK.....
............####@{#
...............†.##
#............#####
..[.........##
............#
#.......###.###
........###...###
......>..####...#######
......................#


You could see an orc and a kobold.

Vanquished Creatures
  A scorpion (D:4)
  A hound (D:3)
  An orc wizard (D:4)
  6 adders
  A dart slug (D:4)
  A ribbon worm (D:3)
  An orc (D:4)
  4 ball pythons (D:1)
  7 endoplasms
  5 giant cockroaches
  5 goblins
  6 hobgoblins
  3 jackals (D:2)
  2 kobolds (D:1)
  2 quokkas
  3 bats
  4 frilled lizards
  7 rats
60 creatures vanquished.

Notes
Turn   | Place    | Note
-------+----------+-------------------------------------------
     0 | D:1      | BigDaddyOpFi the Octopode Fighter began the quest for the
                  | Orb.
     0 | D:1      | Reached XP level 1. HP: 16/16 MP: 1/1
   150 | D:1      | Found Sinoso's General Store.
   192 | D:1      | Reached XP level 2. HP: 8/21 MP: 2/2
   326 | D:1      | Found a faded altar of an unknown god.
  1032 | D:2      | Reached XP level 3. HP: 13/26 MP: 3/3
  1420 | D:2      | Reached XP level 4. HP: 16/31 MP: 4/4
  2262 | D:3      | Reached XP level 5. HP: 35/36 MP: 5/5
  2815 | D:4      | Reached skill level 1 in Ranged Weapons
  2964 | D:4      | Found a hide-covered altar of Uskayaw.
  3014 | D:4      | Found Behim's Assorted Antiques.
  3155 | D:4      | Reached XP level 6. HP: 32/43 MP: 6/6
  3165 | D:4      | Killed from afar by an orc wizard

Illustrated notes

Levels and vault maps discovered:
D:1:      mushboom_english_gardens, layout_loops_corners,
          basic_ecumenical_altar, serial_shops, shop, st_stairs_14
D:2:      layout_basic
D:3:      layout_basic
D:4:      layout_rooms, mainiacjoe_overflow_tiny_flanked, serial_shops,
          nicolae_shop_stone

Skill      XL: |  1  2  3  4  5 |
---------------+----------------+-----
Unarmed Combat | 3 |  3.8
Ranged Weapons | 1 |  1.3
Fighting       | |  3.9
Dodging        | |  3.9
Shields        | |  3.9

Action                     |  1- 3 |  4- 6 || total
---------------------------+-------+-------++-------
  Melee: Unarmed           |    66 |    27 ||    93
         Tentacles         |    11 |     5 ||    16
         Constrict         |    20 |    10 ||    30
         Hand axe          |       |    12 ||    12
   Fire: Sling             |       |    62 ||    62
    Use: Potion            |     1 |     1 ||     2
         Scroll            |     3 |     6 ||     9
   Stab: Sleeping          |     6 |     2 ||     8
 Armour: Skin              |    23 |    33 ||    56
  Dodge: Dodged            |    28 |    35 ||    63
  Block: Buckler           |    10 |    17 ||    27
